 Dungeon Crawl Stone Soup version 0.21.1-1-g345015fe64 (webtiles) character file.

1215 Dox the Sneak (level 8, -6/54 HPs)
             Began as an Octopode Fighter on Apr 9, 2018.
             Mangled by a troll (15 damage)
             ... on level 5 of the Dungeon.
             The game lasted 00:20:13 (4288 turns).

Dox the Sneak (Octopode Fighter)                    Turns: 4288, Time: 00:20:14

Health: -6/54      AC:  1    Str: 21    XL:     8   Next: 46%
Magic:  9/9        EV: 13    Int: 11    God:
Gold:   172        SH: 10    Dex: 13    Spells: 7/7 levels left

rFire    . . .     SeeInvis .   a - +1 rapier
rCold    + . .     Gourm    .   b - +0 shield
rNeg     + . .     Faith    .   (helmet restricted)
rPois    .         Spirit   .   (no amulet)
rElec    .         Reflect  .   j - +6 ring of strength
rCorr    .         Harm     .   l - ring of protection from cold
MR       .....     Rnd*Tele +   c - ring of teleportation (curse)
Stlth    ++++......             q - ring of positive energy
HPRegen  0.18/turn              (no ring)
MPRegen  0.11/turn              (no ring)
                                (no ring)
                                (no ring)

@: no status effects
A: almost no armour, stealthy swim, amphibious, 8 rings, constrict 8, camouflage
1, gelatinous body 1
a: no special abilities


You were on level 5 of the Dungeon.
You were not hungry.

You visited 1 branch of the dungeon, and saw 5 of its levels.

You collected 172 gold pieces.

Inventory:

Hand Weapons
 a - a +1 rapier (weapon)
 r - a +1 dagger of venom
Missiles
 e - 154 stones (quivered)
 i - 3 tomahawks
 k - 3 javelins
Armour
 b - a +0 shield (worn)
Jewellery
 c - a cursed ring of teleportation (on tentacle)
 j - a +6 ring of strength (left tentacle)
 l - a ring of protection from cold (right tentacle)
 q - a ring of positive energy (on tentacle)
Wands
 p - a wand of flame (30)
Scrolls
 g - 4 scrolls of identify
 t - a scroll of teleportation
Potions
 h - a potion of heal wounds
 m - 2 potions of curing
 n - 2 potions of brilliance
 o - a potion of resistance
 s - a potion of lignification {unknown}
 u - a potion of berserk rage
Comestibles
 d - 11 rations
 f - 2 chunks of flesh


   Skills:
 * Level 4.4 Fighting
 * Level 4.9 Short Blades
 + Level 2.0 Throwing
 * Level 4.5 Dodging
 * Level 6.2 Stealth
 * Level 4.3 Shields
 * Level 2.9 Unarmed Combat
 * Level 2.3 Evocations


You had 7 spell levels left.
You didn't know any spells.

Dungeon Overview and Level Annotations

Branches:
Dungeon (5/15)             Temple (0/1) D:5

Altars:
Cheibriados
Okawaru
Trog


Innate Abilities, Weirdness & Mutations

You cannot wear most types of armour.
You are very stealthy in the water. (Stealth+)
You are amphibious.
You can wear up to eight rings at the same time.
You can use your tentacles to constrict eight enemies at once.
Your skin changes colour to match your surroundings (Stealth+).
Your rubbery body absorbs attacks. (AC +1, EV +1)


Message History

The adder is almost dead.
You block the adder's attack.
You puncture the adder!
You kill the adder!
You hit the troll.
The troll is lightly wounded.
The troll bites you. The troll claws you. You block the troll's attack.
You closely miss the troll. Your squeeze misses the troll.
The troll is lightly wounded.
The troll bites you! The troll claws you!
* * * LOW HITPOINT WARNING * * *
You block the troll's attack.
You puncture the troll!
The troll is moderately wounded.
The troll misses you. You block the troll's attack. The troll claws you.
* * * LOW HITPOINT WARNING * * *
Your shield prevents you from hitting the troll.
The troll is moderately wounded.
The troll closely misses you. The troll claws you!
You die...

#[#.##.#
#.#.#.#
#....... #
...... ..#.#.#
#....### ##.
#.# ###.#.#
#...## # #.#
#.#.# #...# ##
#. #.#.# #..>.
.. #. #.#.#
#.... .. #.
##.#$#### #. ##
#.####........
#.....@T#
#######.#######
#........
#.######. #.#
#.# #.# #.# #.#
#.#####...#####


You could see a troll.

Vanquished Creatures
  The ghost of Ursun the Ruffian, an amateur TrMo of Okawaru (D:3)
  A sky beast (D:5)
  A black bear (D:4)
  2 ogres (D:4)
  2 phantoms (D:4)
  A howler monkey (D:5)
  2 jellies (D:5)
  Jessica (D:2)
  6 orc wizards
  A worker ant (D:5)
  11 adders
  2 oozes (D:3)
  3 worms
  2 dart slugs
  4 leopard geckos
  14 orcs
  6 giant cockroaches
  8 goblins
  3 hobgoblins
  7 jackals (D:4)
  3 quokkas (D:2)
  6 bats
  4 frilled lizards
  A jackal zombie (D:5)
  7 kobolds
  A leopard gecko skeleton (D:4)
  8 rats
108 creatures vanquished.

Vanquished Creatures (others)
  An orc wizard (D:4)
1 creature vanquished.

Grand Total: 109 creatures vanquished

Notes
Turn   | Place    | Note
-------+----------+-------------------------------------------
     0 | D:1      | Dox the Octopode Fighter began the quest for the Orb.
     0 | D:1      | Reached XP level 1. HP: 16/16 MP: 1/1
   216 | D:1      | Reached XP level 2. HP: 21/21 MP: 2/2
   245 | D:1      | Reached skill level 1 in Stealth
   943 | D:2      | Reached XP level 3. HP: 26/26 MP: 3/3
  1002 | D:2      | Reached skill level 1 in Unarmed Combat
  1179 | D:2      | Noticed Jessica
  1184 | D:2      | Killed Jessica
  1184 | D:2      | Reached XP level 4. HP: 31/31 MP: 4/4
  1209 | D:2      | Reached skill level 2 in Stealth
  1449 | D:2      | Found a snail-covered altar of Cheibriados.
  1449 | D:2      | Found a bloodstained altar of Trog.
  1454 | D:2      | Found an iron altar of Okawaru.
  1829 | D:3      | Reached XP level 5. HP: 36/36 MP: 5/5
  1840 | D:3      | Noticed Ursun's ghost (amateur TrMo)
  1852 | D:3      | Killed Ursun's ghost
  1852 | D:3      | Reached skill level 1 in Throwing
  1852 | D:3      | Reached skill level 4 in Stealth
  1852 | D:3      | Reached XP level 6. HP: 8/43 MP: 6/6
  2404 | D:4      | Noticed a phantom
  2516 | D:4      | Reached skill level 5 in Stealth
  2631 | D:4      | Killed a phantom
  2631 | D:4      | Reached skill level 1 in Evocations
  2631 | D:4      | Reached XP level 7. HP: 20/48 MP: 7/7
  3545 | D:4      | Reached XP level 8. HP: 16/54 MP: 9/9
  4002 | D:5      | Entered Level 5 of the Dungeon
  4038 | D:5      | Reached skill level 6 in Stealth
  4145 | D:5      | Found a staircase to the Ecumenical Temple.
  4272 | D:5      | Noticed a troll
  4288 | D:5      | Mangled by a troll

Skill      XL: |  1  2  3  4  5  6  7  8 |
---------------+-------------------------+-----
Stealth        | 1 2 4 5 6 |  6.2
Unarmed Combat | 1 2 |  2.9
Throwing       | 1 2 |  2.0
Fighting       | 4 |  4.4
Short Blades   | 3 4 |  4.9
Evocations     | 1 2 |  2.3
Dodging        | 4 |  4.5
Shields        | 4 |  4.3

Action                   |  1- 3 |  4- 6 |  7- 9 || total
-------------------------+-------+-------+-------++-------
Melee: Rapier            |    43 |    95 |    87 ||   225
       Tentacles         |     6 |    21 |    12 ||    39
       Constrict         |    12 |    16 |     9 ||    37
       Punch             |       |       |     3 ||     3
Throw: Stone             |    22 |    45 |    24 ||    91
Evoke: Wand              |       |     1 |       ||     1
  Use: Potion            |       |     3 |       ||     3
       Scroll            |       |       |     9 ||     9
 Stab: Sleeping          |     3 |    16 |     9 ||    28
  Eat: Chunk             |     1 |     4 |     6 ||    11
Armor: Skin              |     3 |     2 |     5 ||    10
Dodge: Dodged            |    13 |    24 |    24 ||    61
Block: Shield            |    16 |    27 |    37 ||    80
